 Dungeon Crawl Stone Soup version 0.29.1-12-g30fa7ad0bf (webtiles) character file.

Game seed: 2548019821366586776

154 hawla the Firebug (level 5, -5/38 HPs)
             Began as a Meteoran Fire Elementalist on Jan 10, 2023.
             Slain by a bullfrog (7 damage)
             ... in a sewer.
             The game lasted 00:04:03 (494 turns).

hawla the Firebug (Meteoran Fire Elementalist)       Turns: 494, Time: 00:04:04

Health: -5/38      AC:  2    Str:  9    XL:     5   Next: 94%
Magic:  4/11       EV: 13    Int: 19    God:
Gold:   8          SH:  0    Dex: 14    Spells: 3/10 levels left

rFire   . . .      SeeInvis .   (no weapon)
rCold   . . .      Faith    .   (no shield)
rNeg    . . .      Spirit   .   a - +0 robe
rPois   .          Reflect  .   (no helmet)
rElec   .          Harm     .   (no cloak)
rCorr   .          Rampage  .   (no gloves)
Will    .....                   (no boots)
Stlth   +.........              (no amulet)
HPRegen 0.12/turn               (no ring)
MPRegen 0.12/turn               (no ring)

@: glowing, very slow
A: sense surroundings 1, otherworldly, glowing, explore regen
a: no special abilities


You were in a sewer.
You visited 1 branch of the dungeon, and saw 3 of its levels.
You also visited: Sewer.

You collected 8 gold pieces.

Inventory:

Armour
 a - a +0 robe (worn)
Jewellery
 g - an amulet of the acrobat
Scrolls
 h - 2 scrolls of teleportation {unknown}
 i - a scroll of enchant armour {unknown}
 j - a scroll of identify {unknown}
 k - 2 scrolls of enchant weapon {unknown}
Potions
 b - a potion of magic
 d - a potion of heal wounds {unknown}
 e - 3 potions of curing {unknown}
 f - a potion of invisibility {unknown}


   Skills:
 + Level 3.0 Dodging
 - Level 1.4 Stealth
 + Level 3.3 Spellcasting
 + Level 4.6 Conjurations
 + Level 4.6 Fire Magic


You had 3 spell levels left.
You knew the following spells:

 Your Spells              Type           Power      Damage    Failure   Level
a - Foxfire               Conj/Fire      80%        2x1d8     2%          1
b - Scorch                Fire           40%        2d7       3%          2
c - Flame Wave            Conj/Fire      20%        2d7       22%         4

Your spell library contained the following spells:

 Spells                   Type           Power      Damage    Failure   Level
 Conjure Flame            Conj/Fire      20%        6-21      7%          3
 Beastly Appendage        Tmut           6%         N/A       14%         1
 Inner Flame              Hex/Fire       11%        N/A       17%         3
 Wereblood                Tmut           3%         N/A       22%         2
 Ozocubu's Armour         Ice            3%         N/A       41%         3
 Spider Form              Tmut/Pois      3%         N/A       41%         3
 Ozocubu's Refrigeration  Ice            1%         4d7       100%        7


Dungeon Overview and Level Annotations

Branches:
Dungeon (3/15) Zot: 1480    Sewer (1/1) Zot: 397

Altars:


Innate Abilities, Weirdness & Mutations

You passively map a small area around you.
You are easily found by Zot.
You glow in the dark.
You regain HP and MP as you explore.


Message History

The adder barely misses you.
The bullfrog is engulfed in a cloud of scalding steam.
The bullfrog hits you. x2
The adder is engulfed in a cloud of scalding steam.
You kill the adder!
The frilled lizard barely misses you.
You have reached level 5!
Casting: Scorch (safe; 3% risk of failure)
Confirm with . or Enter, or press ? or * to list all spells.
You conjure some foxfire!
The bullfrog is engulfed in a cloud of scalding steam.
The bullfrog hits you. The bullfrog hits you!
The bullfrog is engulfed in a cloud of scalding steam.
The bullfrog closely misses you. The frilled lizard barely misses you.
You hit the bullfrog.
The bullfrog is lightly wounded.
The foxfire hits the bullfrog.
You kill the bullfrog!
The foxfire hits the frilled lizard.
You kill the frilled lizard!
The bullfrog hits you.
* * * LOW HITPOINT WARNING * * *
The bullfrog closely misses you.
Training target 4.6 for Conjurations reached!
Your Conjurations skill increases to level 4!
You need to enable at least one skill for training.
Casting: Foxfire (safe; 2% risk of failure)
Confirm with . or Enter, or press ? or * to list all spells.
Flames lash the bullfrog.
The bullfrog is moderately wounded.
The bullfrog's fire resistance burns away.
The bullfrog is engulfed in a cloud of scalding steam.
The bullfrog hits you!
* * * LOW HITPOINT WARNING * * *
The bullfrog attacks as you move away! The bullfrog closely misses you.
You enter the shallow water.
Moving in this stuff is going to be slow.
The bullfrog is engulfed in a cloud of scalding steam.
The bullfrog hits you!
You die...

#.~~~.~~~..~.########
≈≈≈≈~~~~~~~~~~..∩.∩.#
#.~≈~~~~~~~~.########
#~~≈~~########
#~~≈~.###########################
#~~≈~~~~..†.........†............
#~~≈~~~~~~~~~~~~~~~~~~~~~~~~~~~~.
#.~≈≈≈≈≈≈≈≈≈≈≈≈≈≈≈≈≈≈≈≈≈≈≈≈≈≈≈≈~~
#.~≈~~~~~~~~~~~~@~~~≈~~≈≈≈~~~~≈≈~
#~≈≈~.~~........F~~≈~≈≈~~~~..~~≈~
#~~≈~.#######~≈§≈§≈≈≈~~≈≈≈≈≈~.~≈~
#.~≈~†# #≈≈≈~≈≈≈≈≈≈≈≈≈≈≈≈≈~.~≈~
#.~≈~.# #≈≈~≈≈≈≈≈≈~.~~≈≈≈≈~~~≈~
#.~≈~.# #≈≈≈≈≈≈≈≈.~~..~ ≈≈≈~~~≈~
#.~≈~~# #≈≈≈≈≈≈≈.}~.~.≈ ~≈≈≈~~≈~
#.~≈~~# #≈≈≈≈≈≈.$?!...~ ≈~≈~~~≈~
#~~≈~.# #≈≈≈≈≈~~.=?~.~. ≈≈~≈≈~≈~


You could see a bullfrog (combustible).

Vanquished Creatures
  A bullfrog (Sewer)
  5 adders
  A dart slug (D:2)
  An endoplasm (D:3)
  4 giant cockroaches
  2 hobgoblins (D:2)
  7 jackals
  A kobold (D:2)
  2 quokkas
  5 ball pythons
  4 bats
  11 frilled lizards (Sewer)
  A rat (D:2)
45 creatures vanquished.

Vanquished Creatures (others)
  74 foxfires
74 creatures vanquished.

Grand Total: 119 creatures vanquished

Notes
Turn   | Place    | Note
-------+----------+-------------------------------------------
     0 | D:1      | hawla the Meteoran Fire Elementalist began the quest for
                  | the Orb.
     0 | D:1      | Reached XP level 1. HP: 14/14 MP: 5/5
    67 | D:2      | Reached XP level 2. HP: 20/20 MP: 3/6
    72 | D:2      | Learned a level 2 spell: Scorch
   183 | D:2      | Reached XP level 3. HP: 24/26 MP: 3/8
   205 | D:2      | Found a faded altar of an unknown god.
   300 | D:3      | Found a glowing drain.
   308 | D:3      | Reached XP level 4. HP: 33/33 MP: 7/9
   316 | Sewer    | Entered a sewer
   322 | Sewer    | Learned a level 4 spell: Flame Wave
   485 | Sewer    | Noticed a bullfrog
   486 | Sewer    | Noticed a bullfrog
   491 | Sewer    | Reached XP level 5. HP: 27/38 MP: 6/10
   492 | Sewer    | Killed a bullfrog
   493 | Sewer    | HP: 1/38 [bullfrog (8)]
   494 | Sewer    | Slain by a bullfrog

Illustrated notes

Levels and vault maps discovered:
D:1:      reono_arrival_forest_river, layout_basic, dk_noncrumbling_3
D:2:      layout_loops_ring, hellmonk_ecumenical_altar_crossroads,
          minmay_joined_circles
D:3:      layout_basic, cheibrodos_sewer_entry_sluice
Sewer:    sewer_frog_island_01

Skill      XL: |  1  2  3  4  5 |
---------------+----------------+-----
Spellcasting   | 3 |  3.3
Fire Magic     | 4 |  4.6
Dodging        | 3 |  3.0
Conjurations   | 3 4 |  4.6
Stealth        | |  1.4

Action                   |  1- 3 |  4- 6 || total
-------------------------+-------+-------++-------
Melee: Unarmed           |     6 |     2 ||     8
 Cast: Foxfire           |    25 |    18 ||    43
       Scorch            |     4 |     3 ||     7
       Flame Wave        |       |     1 ||     1
  Use: Potion            |       |     1 ||     1
Armor: Robe              |     1 |     4 ||     5
Dodge: Dodged            |    13 |    13 ||    26
